Blues vs Penguins
Created - May 9, 2023 at 21:24
Goals
|
| Blues |
1 |
0 |
0 |
1 |
| Penguins |
2 |
0 |
2 |
4 |
|
Shots
|
| Blues |
11 |
3 |
13 |
27 |
| Penguins |
16 |
7 |
11 |
34 |
|
1st period
1. Penguins , Oscar Klefbom 6 (Derek Stepan 43) at 9:55 (PP)
2. Penguins , Anze Kopitar 20 (Keith Aulie 29, Marcus Johansson 35) at 13:49
3. Blues , Nikolaj Ehlers 14 (Nathan MacKinnon 36, Seth Jones 39) at 18:23
Penalties :
Alex Pietrangelo (Stl) for Holding (Minor) at 9:21, Keith Aulie (Pit) for Goalie Interference (Minor) at 10:38
2nd period
No Goal
Penalties :
Matt Martin (Stl) for Hooking (Minor) at 0:55, Cal Clutterbuck (Pit) for Tripping (Minor) at 12:36
3rd period
4. Penguins , Marcus Johansson 32 (Justin Schultz 19, Oscar Klefbom 19) at 5:47
5. Penguins , Marcus Foligno 22 (Danny DeKeiser 30) at 15:36
Penalties :
Keith Aulie (Pit) for Interference (Minor) at 2:30, Drew Shore (Stl) for Hooking (Minor) at 10:24, Keith Aulie (Pit) for Holding (Minor) at 12:44
Goalie Stats
Carey Price (Stl), 30 saves from 34 shots - (0.882), L, 37-18-5, 60:00 minutes
Andrei Vasilevskiy (Pit), 26 saves from 27 shots - (0.963), W, 24-17-7, 60:00 minutes
Players Stats for Blues
Player Name G A P +/- PIM S H SB GA TA FO MP PP MP PK MP
------------------------------------------------------------------------------------
Adam Henrique 0 0 0 -1 0 3 2 2 0 0 16/27 21:45 3:16 2:05
Alex Pietrangelo 0 0 0 -1 2 3 1 0 0 3 0/0 23:56 4:41 1:34
Brandon Montour 0 0 0 -1 0 0 0 3 0 0 0/0 17:45 3:15 0:00
Cody Ceci 0 0 0 0 0 1 1 3 0 0 0/0 18:34 0:00 2:58
Danton Heinen 0 0 0 0 0 3 3 0 0 0 0/0 9:19 0:39 0:00
David Perron 0 0 0 1 0 2 2 1 0 0 0/0 18:47 4:00 1:31
Devin Setoguchi 0 0 0 -2 0 0 1 0 0 0 0/1 10:48 0:30 0:00
Devin Shore 0 0 0 -2 0 0 3 2 0 1 0/4 12:16 0:39 1:07
Drew Shore 0 0 0 0 2 1 0 0 0 0 3/6 9:51 0:12 1:17
Filip Forsberg 0 0 0 -1 0 3 0 0 0 0 2/4 18:42 3:16 0:03
Jacob Slavin 0 0 0 -1 0 1 2 2 0 0 0/0 23:41 4:41 1:34
Martin Marincin 0 0 0 -1 0 1 0 3 0 0 0/0 14:24 0:00 2:58
Matt Martin 0 0 0 -2 2 1 1 0 0 0 0/0 11:40 0:12 0:00
Nathan MacKinnon 0 1 1 1 0 4 0 0 0 0 12/15 16:09 3:49 0:03
Nikolaj Ehlers 1 0 1 1 0 1 3 0 0 0 1/1 16:06 3:49 0:00
Samuel Morin 0 0 0 0 0 0 0 0 0 2 0/0 8:46 0:00 0:23
Seth Jones 0 1 1 0 0 2 0 1 3 1 0/0 21:39 3:15 0:00
Tyler Johnson 0 0 0 -1 0 1 0 0 0 0 0/0 21:17 3:26 2:35
Players Stats for Penguins
Player Name G A P +/- PIM S H SB GA TA FO MP PP MP PK MP
------------------------------------------------------------------------------------
Anze Kopitar 1 0 1 3 0 3 2 2 1 0 13/32 22:21 2:07 3:20
Ben Lovejoy 0 0 0 1 0 0 0 1 0 0 0/0 15:34 0:00 3:13
Brandon Tanev 0 0 0 -1 0 0 2 0 0 0 1/1 11:32 0:00 0:09
Brendan Gallagher 0 0 0 -1 0 2 1 0 2 0 0/0 14:00 2:07 0:00
Cal Clutterbuck 0 0 0 0 2 1 1 0 0 0 0/0 10:29 0:00 2:48
Danny DeKeiser 0 1 1 0 0 0 0 2 1 0 0/0 27:03 1:33 4:35
Derek Stepan 0 1 1 -1 0 0 0 0 0 1 5/14 16:52 2:25 1:48
JT Compher 0 0 0 0 0 1 0 0 0 0 0/0 9:58 0:00 0:00
Justin Schultz 0 1 1 1 0 1 1 1 0 0 0/0 21:35 2:59 3:34
Keith Aulie 0 1 1 1 6 1 1 3 1 1 0/0 23:30 1:33 1:09
Marcus Foligno 1 0 1 3 0 4 6 0 0 0 0/1 22:20 2:25 1:57
Marcus Johansson 1 1 2 3 0 4 1 2 0 0 0/1 20:42 2:07 1:20
Max Reinhart 0 0 0 0 0 2 1 0 0 1 2/4 13:06 0:00 2:48
Nick Leddy 0 0 0 1 0 1 0 1 0 0 0/0 11:49 0:00 0:14
Oscar Klefbom 1 1 2 0 0 6 1 1 1 0 0/0 21:00 2:59 3:07
Pavel Zacha 0 0 0 0 0 3 0 0 0 0 0/0 8:25 0:00 0:57
Sebastian Aho 0 0 0 0 0 0 0 1 1 0 3/5 7:41 0:00 0:00
Timo Meier 0 0 0 0 0 5 4 0 0 0 0/0 14:03 2:25 0:45
3 Stars
1 - Marcus Foligno (Pit)
2 - Marcus Johansson (Pit)
3 - Anze Kopitar (Pit)
Power Play
Blues - 0 on 4 Attempt(s) - 0.00%
Penguins - 1 on 3 Attempt(s) - 33.33%
Penalty Kill
Blues - 2 on 3 Attempt(s) - 66.67%
- Score 0 goal in Penalty Kill
Penguins - 4 on 4 Attempt(s) - 100.00%
- Score 0 goal in Penalty Kill
Team Stat
Blues - Hits : 19 - Faceoff Wins : 34 - Blocked Shots : 17 - Penalty Minutes : 6
Penguins - Hits : 21 - Faceoff Wins : 24 - Blocked Shots : 14 - Penalty Minutes : 8
Official
Referees : Dan Kelly and Wes McCauley
Linesman : Ryan Gibbons and Ryan Galloway
Game Notes
7:52 of 3rd period - Blues goal is going for a video replay. After video review, No Goal. The referee deems the play has been stopped, even if he had not physically had the opportunity to stop play by blowing his whistle.
Finance
Level 1 -- Attendance: 6000 (100.00%) -- Ticket Income $600,000
Level 2 -- Attendance: 5000 (100.00%) -- Ticket Income $300,000
Level 3 -- Attendance: 1923 (96.15%) -- Ticket Income $67,305
Level 4 -- Attendance: 3996 (99.90%) -- Ticket Income $99,900
Luxury Box -- Attendance: 936 (93.60%) -- Ticket Income $187,200
Game was played at the PPG Paint Arena.
Total Attendance: 17855 (99.19%)
Total Ticket Income: $1,254,405
Other Income: $188,161
Total Income: $1,442,566
Blues
5 vs 5 Forward
Center Left Wing Right Wing Time % Phy DF OF
1 Adam Henrique Filip Forsberg Tyler Johnson 40 1 2 2
2 Nathan MacKinnon David Perron Nikolaj Ehlers 30 1 2 2
3 Devin Shore Matt Martin Devin Setoguchi 20 1 2 2
4 Drew Shore Samuel Morin Danton Heinen 10 1 2 2
5 vs 5 Defense
Defense Defense Time % Phy DF OF
1 Alex Pietrangelo Jacob Slavin 40 1 2 2
2 Cody Ceci Seth Jones 30 1 2 2
3 Martin Marincin Brandon Montour 20 1 2 2
4 Seth Jones Brandon Montour 10 1 2 2
PowerPlay Forward
Center Left Wing Right Wing Time % Phy DF OF
1 Adam Henrique Filip Forsberg Tyler Johnson 60 1 2 2
2 Nathan MacKinnon David Perron Nikolaj Ehlers 40 1 2 2
PowerPlay Defense
Defense Defense Time % Phy DF OF
1 Alex Pietrangelo Jacob Slavin 60 1 2 2
2 Brandon Montour Seth Jones 40 1 2 2
Penalty Kill 4 Players Forward
Center Wing Time % Phy DF OF
1 Drew Shore Tyler Johnson 60 1 2 2
2 Devin Shore Samuel Morin 40 1 2 2
Penalty Kill 4 Players Defense
Defense Defense Time % Phy DF OF
1 Cody Ceci Martin Marincin 60 1 2 2
2 Jacob Slavin Alex Pietrangelo 40 1 2 2
Penalty Kill - 3 Players Forward
Forward Time % Phy DF OF
1 Devin Shore 60 1 2 2
2 Drew Shore 40 1 2 2
Penalty Kill - 3 Players Defense
Defense Defense Time % Phy DF OF
1 Cody Ceci Martin Marincin 60 1 2 2
2 Seth Jones Brandon Montour 40 1 2 2
4 vs 4 Forward
Center Wing Time % Phy DF OF
1 Adam Henrique Filip Forsberg 60 1 2 2
2 Nathan MacKinnon Tyler Johnson 40 1 2 2
4 vs 4 Defense
Defense Defense Time % Phy DF OF
1 Alex Pietrangelo Martin Marincin 60 1 2 2
2 Brandon Montour Seth Jones 40 1 2 2
Last Minutes Offensive
Center Left Wing Right Wing Defense Defense
Nathan MacKinnon Filip Forsberg Tyler Johnson Alex Pietrangelo Seth Jones
Last Minutes Defensive
Center Left Wing Right Wing Defense Defense
Drew Shore Samuel Morin Tyler Johnson Cody Ceci Martin Marincin
Goaltenders
Starting : Carey Price
Backup : Thomas McCollum
Extra Forwards
Normal : Nikolaj Ehlers, Devin Shore, Danton Heinen - PP : Devin Setoguchi, Devin Shore - PK : Tyler Johnson
Extra Defensemen
Normal : Martin Marincin, Brandon Montour, Jacob Slavin - PP : Brandon Montour - PK : Alex Pietrangelo, Brandon Montour
Penalty Shots
David Perron, Matt Martin, Filip Forsberg, Devin Shore, Tyler Johnson
Scratches
Linus Omark (Healthy), Patrick Kaleta (Healthy)
Penguins
5 vs 5 Forward
Center Left Wing Right Wing Time % Phy DF OF
1 Anze Kopitar Marcus Johansson Marcus Foligno 40 1 2 2
2 Derek Stepan Brandon Tanev Brendan Gallagher 30 1 2 2
3 Max Reinhart Timo Meier JT Compher 20 1 2 2
4 Sebastian Aho Pavel Zacha Cal Clutterbuck 10 1 2 2
5 vs 5 Defense
Defense Defense Time % Phy DF OF
1 Danny DeKeiser Keith Aulie 40 1 2 2
2 Oscar Klefbom Justin Schultz 30 1 2 2
3 Nick Leddy Ben Lovejoy 20 1 2 2
4 Danny DeKeiser Keith Aulie 10 1 2 2
PowerPlay Forward
Center Left Wing Right Wing Time % Phy DF OF
1 Anze Kopitar Marcus Johansson Brendan Gallagher 60 1 2 2
2 Derek Stepan Timo Meier Marcus Foligno 40 1 2 2
PowerPlay Defense
Defense Defense Time % Phy DF OF
1 Danny DeKeiser Keith Aulie 60 1 2 2
2 Oscar Klefbom Justin Schultz 40 1 2 2
Penalty Kill 4 Players Forward
Center Wing Time % Phy DF OF
1 Anze Kopitar Cal Clutterbuck 60 1 2 2
2 Max Reinhart Marcus Foligno 40 1 2 2
Penalty Kill 4 Players Defense
Defense Defense Time % Phy DF OF
1 Danny DeKeiser Keith Aulie 60 1 2 2
2 Oscar Klefbom Justin Schultz 40 1 2 2
Penalty Kill - 3 Players Forward
Forward Time % Phy DF OF
1 Cal Clutterbuck 60 1 2 2
2 Max Reinhart 40 1 2 2
Penalty Kill - 3 Players Defense
Defense Defense Time % Phy DF OF
1 Danny DeKeiser Keith Aulie 60 1 2 2
2 Oscar Klefbom Justin Schultz 40 1 2 2
4 vs 4 Forward
Center Wing Time % Phy DF OF
1 Anze Kopitar Brendan Gallagher 60 1 2 2
2 Derek Stepan Marcus Johansson 40 1 2 2
4 vs 4 Defense
Defense Defense Time % Phy DF OF
1 Danny DeKeiser Keith Aulie 60 1 2 2
2 Oscar Klefbom Justin Schultz 40 1 2 2
Last Minutes Offensive
Center Left Wing Right Wing Defense Defense
Anze Kopitar Timo Meier Brendan Gallagher Danny DeKeiser Keith Aulie
Last Minutes Defensive
Center Left Wing Right Wing Defense Defense
Max Reinhart Brandon Tanev Cal Clutterbuck Danny DeKeiser Keith Aulie
Goaltenders
Starting : Andrei Vasilevskiy
Backup : Jonathan Quick
Extra Forwards
Normal : Brendan Gallagher, Marcus Johansson, Cal Clutterbuck - PP : Brendan Gallagher, Marcus Johansson - PK : Anze Kopitar
Extra Defensemen
Normal : Danny DeKeiser, Justin Schultz, Ben Lovejoy - PP : Nick Leddy - PK : Danny DeKeiser, Justin Schultz
Penalty Shots
Anze Kopitar, Derek Stepan, Brendan Gallagher, Marcus Johansson, Timo Meier
Scratches
Paul Stastny (Healthy), Vladimir Mihalik (Healthy)
% Time on Ice - Blues
Lines # - Real PCT - Wanted PCT - Time Play
Normal Forward
1 - 35% - 40% - 16:41
2 - 26% - 30% - 12:17
3 - 21% - 20% - 10:11
4 - 18% - 10% - 8:23
Normal Defense
1 - 39% - 40% - 18:43
2 - 33% - 30% - 15:36
3 - 21% - 20% - 9:46
4 - 7% - 10% - 3:27
PP Forward
1 - 52% - 60% - 4:07
2 - 48% - 40% - 3:49
PP Defense
1 - 59% - 60% - 4:41
2 - 41% - 40% - 3:15
PK Forward
1 - 92% - 60% - 4:09
2 - 8% - 40% - 0:23
PK Defense
1 - 65% - 60% - 2:58
2 - 35% - 40% - 1:34
PK3 Forward
1 - 0% - 60%
2 - 0% - 40%
PK3 Defense
1 - 0% - 60%
2 - 0% - 40%
44 Forward
1 - 0% - 60%
2 - 0% - 40%
44 Defense
1 - 0% - 60%
2 - 0% - 40%
Last Minute Offensive - 0:00
Last Minute Defensive - 0:00
Total
Forward - 60:00
Defense - 60:00
|
% Time on Ice - Penguins
Lines # - Real PCT - Wanted PCT - Time Play
Normal Forward
1 - 36% - 40% - 17:09
2 - 27% - 30% - 12:44
3 - 21% - 20% - 9:58
4 - 16% - 10% - 7:41
Normal Defense
1 - 41% - 40% - 19:16
2 - 31% - 30% - 14:54
3 - 24% - 20% - 11:34
4 - 4% - 10% - 1:48
PP Forward
1 - 47% - 60% - 2:07
2 - 53% - 40% - 2:25
PP Defense
1 - 34% - 60% - 1:33
2 - 66% - 40% - 2:59
PK Forward
1 - 75% - 60% - 5:59
2 - 25% - 40% - 1:57
PK Defense
1 - 61% - 60% - 4:49
2 - 39% - 40% - 3:07
PK3 Forward
1 - 0% - 60%
2 - 0% - 40%
PK3 Defense
1 - 0% - 60%
2 - 0% - 40%
44 Forward
1 - 0% - 60%
2 - 0% - 40%
44 Defense
1 - 0% - 60%
2 - 0% - 40%
Last Minute Offensive - 0:00
Last Minute Defensive - 0:00
Total
Forward - 60:00
Defense - 60:00
|
Play-by-Play
1st period
0:01 of 1st period - Anze Kopitar wins face-off versus Adam Henrique in neutral zone.
0:39 of 1st period - Wrist shot by Derek Stepan.
0:39 of 1st period - Shot Misses the Net.
0:58 of 1st period - Timo Meier is hit by Devin Shore and loses puck.
1:15 of 1st period - Snap shot by Pavel Zacha.
1:15 of 1st period - Stopped by Carey Price with a rebound.
1:17 of 1st period - Slapshot by Pavel Zacha.
1:17 of 1st period - Shot Misses the Net.
1:19 of 1st period - Wrist shot by Cal Clutterbuck.
1:19 of 1st period - Shot Blocked by Brandon Montour.
1:21 of 1st period - Slapshot by Cal Clutterbuck.
1:21 of 1st period - Deflect By Sebastian Aho.
1:21 of 1st period - Shot Misses the Net.
1:21 of 1st period - Puck is out of play.
1:22 of 1st period - Sebastian Aho wins face-off versus Adam Henrique in Blues zone.
1:27 of 1st period - Wrist shot by Sebastian Aho.
1:27 of 1st period - Shot Blocked by Seth Jones.
1:29 of 1st period - Wrist shot by Pavel Zacha.
1:29 of 1st period - Shot Misses the Net.
2:13 of 1st period - Wrist shot by Pavel Zacha.
2:13 of 1st period - Stopped by Carey Price without a rebound.
2:14 of 1st period - Nathan MacKinnon wins face-off versus Anze Kopitar in Blues zone.
2:27 of 1st period - Snap shot by Anze Kopitar.
2:27 of 1st period - Shot Blocked by Brandon Montour.
2:29 of 1st period - Snap shot by Marcus Foligno.
2:29 of 1st period - Shot Misses the Net.
2:31 of 1st period - Slapshot by Marcus Foligno.
2:31 of 1st period - Deflect By Seth Jones.
2:31 of 1st period - Stopped by Carey Price without a rebound.
2:32 of 1st period - Derek Stepan wins face-off versus Adam Henrique in Blues zone.
3:06 of 1st period - Snap shot by Danton Heinen.
3:06 of 1st period - Stopped by Andrei Vasilevskiy with a rebound.
3:08 of 1st period - Slapshot by Brandon Montour.
3:08 of 1st period - Shot Misses the Net.
3:12 of 1st period - Snap shot by Drew Shore.
3:12 of 1st period - Deflect By Danton Heinen.
3:12 of 1st period - Stopped by Andrei Vasilevskiy with a rebound.
3:29 of 1st period - Snap shot by Nathan MacKinnon.
3:29 of 1st period - Shot Misses the Net.
3:33 of 1st period - Wrist shot by Nathan MacKinnon.
3:33 of 1st period - Stopped by Andrei Vasilevskiy with a rebound.
3:45 of 1st period - Snap shot by Brendan Gallagher.
3:45 of 1st period - Shot Misses the Net.
3:47 of 1st period - Wrist shot by Brendan Gallagher.
3:47 of 1st period - Deflect By Alex Pietrangelo.
3:47 of 1st period - Shot Blocked by Devin Shore.
3:47 of 1st period - Puck is out of play.
3:48 of 1st period - Adam Henrique wins face-off versus Derek Stepan in Blues zone.
4:23 of 1st period - Slapshot by Seth Jones.
4:23 of 1st period - Shot Blocked by Justin Schultz.
4:47 of 1st period - Snap shot by Anze Kopitar.
4:47 of 1st period - Shot Misses the Net.
4:49 of 1st period - Wrist shot by Oscar Klefbom.
4:49 of 1st period - Deflect By Marcus Foligno.
4:49 of 1st period - Shot Misses the Net.
4:49 of 1st period - Puck is out of play.
4:50 of 1st period - Adam Henrique wins face-off versus Anze Kopitar in Blues zone.
5:17 of 1st period - Snap shot by Timo Meier.
5:17 of 1st period - Shot Blocked by David Perron.
6:05 of 1st period - Ben Lovejoy is hit by Devin Shore and loses puck.
6:46 of 1st period - Slapshot by Oscar Klefbom.
6:46 of 1st period - Stopped by Carey Price with a rebound.
6:48 of 1st period - Slapshot by Justin Schultz.
6:48 of 1st period - Deflect By Max Reinhart.
6:48 of 1st period - Shot Misses the Net.
6:48 of 1st period - Puck is out of play.
6:49 of 1st period - Nathan MacKinnon wins face-off versus Anze Kopitar in Blues zone.
7:43 of 1st period - Snap shot by Max Reinhart.
7:43 of 1st period - Stopped by Carey Price without a rebound.
7:44 of 1st period - Nathan MacKinnon wins face-off versus Anze Kopitar in Blues zone.
7:51 of 1st period - Snap shot by Nathan MacKinnon.
7:51 of 1st period - Stopped by Andrei Vasilevskiy with a rebound.
7:53 of 1st period - Wrist shot by David Perron.
7:53 of 1st period - Shot Misses the Net.
8:11 of 1st period - Tyler Johnson is hit by Brendan Gallagher and loses puck.
8:46 of 1st period - Snap shot by Oscar Klefbom.
8:46 of 1st period - Stopped by Carey Price with a rebound.
8:56 of 1st period - Snap shot by Marcus Foligno.
8:56 of 1st period - Stopped by Carey Price with a rebound.
9:02 of 1st period - Snap shot by Matt Martin.
9:02 of 1st period - Shot Blocked by Anze Kopitar.
9:10 of 1st period - Wrist shot by Matt Martin.
9:10 of 1st period - Stopped by Andrei Vasilevskiy with a rebound.
9:21 of 1st period - Minor Penalty to Alex Pietrangelo for Holding.
9:22 of 1st period - Anze Kopitar wins face-off versus Drew Shore in Blues zone.
9:25 of 1st period - Wrist shot by Brendan Gallagher.
9:25 of 1st period - Shot Misses the Net.
9:55 of 1st period - Slapshot by Oscar Klefbom.
9:55 of 1st period - Goal by Oscar Klefbom - Blues : 0 - Penguins : 1.
9:56 of 1st period - Anze Kopitar wins face-off versus Adam Henrique in neutral zone.
10:31 of 1st period - Off-side.
10:32 of 1st period - Nathan MacKinnon wins face-off versus Max Reinhart in neutral zone.
10:38 of 1st period - Minor Penalty to Keith Aulie for Goalie Interference.
10:39 of 1st period - Adam Henrique wins face-off versus Anze Kopitar in Penguins zone.
10:51 of 1st period - Justin Schultz is hit by Alex Pietrangelo and loses puck.
12:32 of 1st period - Icing by Brandon Montour.
12:33 of 1st period - Nathan MacKinnon wins face-off versus Max Reinhart in Blues zone.
12:38 of 1st period - Penalty to Keith Aulie is over, Keith Aulie is back on ice.
12:48 of 1st period - Devin Shore is hit by Marcus Foligno and loses puck.
12:57 of 1st period - Wrist shot by Keith Aulie.
12:57 of 1st period - Stopped by Carey Price without a rebound.
12:58 of 1st period - Derek Stepan wins face-off versus Adam Henrique in Blues zone.
13:24 of 1st period - David Perron is hit by Timo Meier and loses puck.
13:45 of 1st period - Slapshot by Nick Leddy.
13:45 of 1st period - Stopped by Carey Price without a rebound.
13:46 of 1st period - Anze Kopitar wins face-off versus Devin Shore in Blues zone.
13:47 of 1st period - Slapshot by Marcus Johansson.
13:47 of 1st period - Shot Misses the Net.
13:49 of 1st period - Snap shot by Keith Aulie.
13:49 of 1st period - Deflect By Anze Kopitar.
13:49 of 1st period - Goal by Anze Kopitar - Blues : 0 - Penguins : 2.
13:50 of 1st period - Filip Forsberg wins face-off versus Anze Kopitar in neutral zone.
14:10 of 1st period - Danny DeKeiser is hit by Adam Henrique and loses puck.
14:41 of 1st period - Matt Martin is hit by Keith Aulie and loses puck.
14:50 of 1st period - Snap shot by Martin Marincin.
14:50 of 1st period - Stopped by Andrei Vasilevskiy with a rebound.
15:49 of 1st period - Off-side.
15:50 of 1st period - Adam Henrique wins face-off versus Marcus Johansson in neutral zone.
16:35 of 1st period - Snap shot by Timo Meier.
16:35 of 1st period - Stopped by Carey Price without a rebound.
16:36 of 1st period - Max Reinhart wins face-off versus Devin Shore in Blues zone.
16:37 of 1st period - Wrist shot by Timo Meier.
16:37 of 1st period - Stopped by Carey Price with a rebound.
16:39 of 1st period - Wrist shot by Max Reinhart.
16:39 of 1st period - Deflect By Timo Meier.
16:39 of 1st period - Stopped by Carey Price with a rebound.
17:03 of 1st period - Wrist shot by Max Reinhart.
17:03 of 1st period - Stopped by Carey Price without a rebound.
17:04 of 1st period - Adam Henrique wins face-off versus Anze Kopitar in Blues zone.
17:15 of 1st period - Snap shot by Filip Forsberg.
17:15 of 1st period - Shot Blocked by Keith Aulie.
17:31 of 1st period - Icing by Alex Pietrangelo.
17:32 of 1st period - Brandon Tanev wins face-off versus Nathan MacKinnon in Blues zone.
17:41 of 1st period - Snap shot by Brendan Gallagher.
17:41 of 1st period - Stopped by Carey Price with a rebound.
17:57 of 1st period - Slapshot by Tyler Johnson.
17:57 of 1st period - Shot Misses the Net.
18:05 of 1st period - Slapshot by Filip Forsberg.
18:05 of 1st period - Stopped by Andrei Vasilevskiy with a rebound.
18:07 of 1st period - Slapshot by Adam Henrique.
18:07 of 1st period - Stopped by Andrei Vasilevskiy without a rebound.
18:08 of 1st period - Nathan MacKinnon wins face-off versus Derek Stepan in Penguins zone.
18:09 of 1st period - Slapshot by Seth Jones.
18:09 of 1st period - Stopped by Andrei Vasilevskiy without a rebound.
18:10 of 1st period - Derek Stepan wins face-off versus Nathan MacKinnon in Penguins zone.
18:10 of 1st period - Derek Stepan is hit by Cody Ceci.
18:16 of 1st period - Nikolaj Ehlers is hit by Brandon Tanev and loses puck.
18:23 of 1st period - Wrist shot by Nikolaj Ehlers.
18:23 of 1st period - Goal by Nikolaj Ehlers - Blues : 1 - Penguins : 2.
18:24 of 1st period - Anze Kopitar wins face-off versus Adam Henrique in neutral zone.
18:33 of 1st period - Slapshot by Alex Pietrangelo.
18:33 of 1st period - Shot Blocked by Danny DeKeiser.
19:32 of 1st period - Icing by Cody Ceci.
19:33 of 1st period - Drew Shore wins face-off versus Anze Kopitar in Blues zone.
19:56 of 1st period - Snap shot by Drew Shore.
19:56 of 1st period - Stopped by Andrei Vasilevskiy without a rebound.
19:57 of 1st period - Adam Henrique wins face-off versus Derek Stepan in Penguins zone.
Goals for this period are 1 for Blues vs 2 for Penguins.
Shots for this period are 11 for Blues vs 16 for Penguins.
2nd period
0:01 of 2nd period - Anze Kopitar wins face-off versus Filip Forsberg in neutral zone.
0:30 of 2nd period - Snap shot by David Perron.
0:30 of 2nd period - Shot Misses the Net.
0:32 of 2nd period - Slapshot by Nikolaj Ehlers.
0:32 of 2nd period - Shot Misses the Net.
0:55 of 2nd period - Minor Penalty to Matt Martin for Hooking.
0:56 of 2nd period - Drew Shore wins face-off versus Anze Kopitar in Blues zone.
1:05 of 2nd period - Drew Shore is hit by Justin Schultz.
1:41 of 2nd period - Jacob Slavin is hit by Timo Meier.
2:17 of 2nd period - Icing by Justin Schultz.
2:18 of 2nd period - Adam Henrique wins face-off versus Derek Stepan in Penguins zone.
2:41 of 2nd period - Adam Henrique is hit by Marcus Foligno and loses puck.
2:46 of 2nd period - Wrist shot by Derek Stepan.
2:46 of 2nd period - Shot Misses the Net.
2:48 of 2nd period - Snap shot by Timo Meier.
2:48 of 2nd period - Deflect By Marcus Foligno.
2:48 of 2nd period - Stopped by Carey Price with a rebound.
2:55 of 2nd period - Penalty to Matt Martin is over, Matt Martin is back on ice.
3:28 of 2nd period - Slapshot by Timo Meier.
3:28 of 2nd period - Shot Misses the Net.
3:36 of 2nd period - Snap shot by Marcus Foligno.
3:36 of 2nd period - Shot Misses the Net.
3:38 of 2nd period - Slapshot by Oscar Klefbom.
3:38 of 2nd period - Shot Blocked by Martin Marincin.
3:49 of 2nd period - Icing by David Perron.
3:50 of 2nd period - Adam Henrique wins face-off versus Sebastian Aho in Blues zone.
4:06 of 2nd period - Wrist shot by Adam Henrique.
4:06 of 2nd period - Shot Misses the Net.
4:08 of 2nd period - Snap shot by David Perron.
4:08 of 2nd period - Shot Misses the Net.
4:10 of 2nd period - Slapshot by Cody Ceci.
4:10 of 2nd period - Shot Blocked by Sebastian Aho.
4:12 of 2nd period - Slapshot by David Perron.
4:12 of 2nd period - Deflect By Adam Henrique.
4:12 of 2nd period - Stopped by Andrei Vasilevskiy without a rebound.
4:13 of 2nd period - Sebastian Aho wins face-off versus Drew Shore in Penguins zone.
4:24 of 2nd period - Snap shot by Drew Shore.
4:24 of 2nd period - Deflect By Samuel Morin.
4:24 of 2nd period - Shot Blocked by Ben Lovejoy.
4:24 of 2nd period - Puck is out of play.
4:25 of 2nd period - Drew Shore wins face-off versus Sebastian Aho in Penguins zone.
5:08 of 2nd period - Slapshot by Seth Jones.
5:08 of 2nd period - Shot Misses the Net.
5:10 of 2nd period - Slapshot by Nikolaj Ehlers.
5:10 of 2nd period - Shot Blocked by Danny DeKeiser.
5:26 of 2nd period - Nick Leddy is hit by Jacob Slavin and loses puck.
5:48 of 2nd period - Off-side.
5:49 of 2nd period - Nathan MacKinnon wins face-off versus Anze Kopitar in neutral zone.
6:27 of 2nd period - Ben Lovejoy is hit by Adam Henrique.
6:47 of 2nd period - Slapshot by Anze Kopitar.
6:47 of 2nd period - Shot Misses the Net.
6:49 of 2nd period - Snap shot by Anze Kopitar.
6:49 of 2nd period - Shot Misses the Net.
6:51 of 2nd period - Slapshot by Anze Kopitar.
6:51 of 2nd period - Stopped by Carey Price with a rebound.
7:35 of 2nd period - Slapshot by Alex Pietrangelo.
7:35 of 2nd period - Stopped by Andrei Vasilevskiy with a rebound.
7:52 of 2nd period - Snap shot by JT Compher.
7:52 of 2nd period - Shot Blocked by Devin Shore.
7:54 of 2nd period - Snap shot by Timo Meier.
7:54 of 2nd period - Shot Misses the Net.
7:56 of 2nd period - Slapshot by Timo Meier.
7:56 of 2nd period - Shot Blocked by Jacob Slavin.
8:05 of 2nd period - Off-side.
8:06 of 2nd period - Anze Kopitar wins face-off versus Adam Henrique in neutral zone.
8:19 of 2nd period - Adam Henrique is hit by Marcus Foligno and loses puck.
8:55 of 2nd period - Slapshot by Seth Jones.
8:55 of 2nd period - Stopped by Andrei Vasilevskiy without a rebound.
8:56 of 2nd period - Anze Kopitar wins face-off versus Drew Shore in Penguins zone.
9:12 of 2nd period - Icing by Oscar Klefbom.
9:13 of 2nd period - Adam Henrique wins face-off versus Anze Kopitar in Penguins zone.
9:28 of 2nd period - Martin Marincin is hit by Anze Kopitar and loses puck.
11:03 of 2nd period - Snap shot by Anze Kopitar.
11:03 of 2nd period - Stopped by Carey Price with a rebound.
11:05 of 2nd period - Slapshot by Marcus Johansson.
11:05 of 2nd period - Shot Blocked by Adam Henrique.
11:09 of 2nd period - Wrist shot by Anze Kopitar.
11:09 of 2nd period - Shot Blocked by Adam Henrique.
11:11 of 2nd period - Slapshot by Marcus Johansson.
11:11 of 2nd period - Shot Misses the Net.
11:13 of 2nd period - Wrist shot by Marcus Foligno.
11:13 of 2nd period - Shot Blocked by Martin Marincin.
11:21 of 2nd period - Slapshot by Anze Kopitar.
11:21 of 2nd period - Deflect By Marcus Johansson.
11:21 of 2nd period - Stopped by Carey Price with a rebound.
11:23 of 2nd period - Snap shot by Marcus Johansson.
11:23 of 2nd period - Shot Misses the Net.
11:25 of 2nd period - Snap shot by Marcus Johansson.
11:25 of 2nd period - Shot Blocked by Brandon Montour.
11:27 of 2nd period - Wrist shot by Marcus Johansson.
11:27 of 2nd period - Stopped by Carey Price with a rebound.
11:29 of 2nd period - Wrist shot by Marcus Johansson.
11:29 of 2nd period - Stopped by Carey Price with a rebound.
11:31 of 2nd period - Snap shot by Oscar Klefbom.
11:31 of 2nd period - Stopped by Carey Price without a rebound.
11:32 of 2nd period - Nikolaj Ehlers wins face-off versus Derek Stepan in Blues zone.
11:57 of 2nd period - Cody Ceci is hit by Timo Meier and loses puck.
12:36 of 2nd period - Minor Penalty to Cal Clutterbuck for Tripping.
12:37 of 2nd period - Nathan MacKinnon wins face-off versus Derek Stepan in Penguins zone.
12:44 of 2nd period - Wrist shot by Nikolaj Ehlers.
12:44 of 2nd period - Shot Misses the Net.
14:36 of 2nd period - Penalty to Cal Clutterbuck is over, Cal Clutterbuck is back on ice.
14:49 of 2nd period - Derek Stepan is hit by Danton Heinen and loses puck.
16:01 of 2nd period - Tyler Johnson is hit by Oscar Klefbom.
16:42 of 2nd period - Alex Pietrangelo is hit by Anze Kopitar and loses puck.
17:25 of 2nd period - Brandon Montour is hit by Cal Clutterbuck and loses puck.
18:28 of 2nd period - Oscar Klefbom is hit by Matt Martin and loses puck.
18:56 of 2nd period - Danny DeKeiser is hit by Nikolaj Ehlers and loses puck.
19:19 of 2nd period - David Perron is hit by Timo Meier and loses puck.
Goals for this period are 0 for Blues vs 0 for Penguins.
Shots for this period are 3 for Blues vs 7 for Penguins.
3rd period
0:01 of 3rd period - Adam Henrique wins face-off versus Anze Kopitar in neutral zone.
0:04 of 3rd period - Anze Kopitar is hit by Jacob Slavin and loses puck.
0:09 of 3rd period - Snap shot by Filip Forsberg.
0:09 of 3rd period - Deflect By Adam Henrique.
0:09 of 3rd period - Stopped by Andrei Vasilevskiy without a rebound.
0:10 of 3rd period - Adam Henrique wins face-off versus Anze Kopitar in Penguins zone.
0:17 of 3rd period - Slapshot by Adam Henrique.
0:17 of 3rd period - Shot Blocked by Anze Kopitar.
0:19 of 3rd period - Snap shot by Tyler Johnson.
0:19 of 3rd period - Stopped by Andrei Vasilevskiy with a rebound.
0:27 of 3rd period - Slapshot by Filip Forsberg.
0:27 of 3rd period - Stopped by Andrei Vasilevskiy without a rebound.
0:28 of 3rd period - Nathan MacKinnon wins face-off versus Derek Stepan in Penguins zone.
0:29 of 3rd period - Snap shot by David Perron.
0:29 of 3rd period - Stopped by Andrei Vasilevskiy with a rebound.
0:31 of 3rd period - Wrist shot by Nikolaj Ehlers.
0:31 of 3rd period - Shot Blocked by Keith Aulie.
0:33 of 3rd period - Wrist shot by David Perron.
0:33 of 3rd period - Stopped by Andrei Vasilevskiy without a rebound.
0:34 of 3rd period - Derek Stepan wins face-off versus Nathan MacKinnon in Penguins zone.
0:34 of 3rd period - Derek Stepan is hit by Nikolaj Ehlers.
0:50 of 3rd period - Wrist shot by Brendan Gallagher.
0:50 of 3rd period - Stopped by Carey Price without a rebound.
0:51 of 3rd period - Adam Henrique wins face-off versus Anze Kopitar in Blues zone.
1:09 of 3rd period - Off-side.
1:10 of 3rd period - Nathan MacKinnon wins face-off versus Derek Stepan in neutral zone.
1:43 of 3rd period - Slapshot by Oscar Klefbom.
1:43 of 3rd period - Stopped by Carey Price without a rebound.
1:44 of 3rd period - Derek Stepan wins face-off versus Adam Henrique in Blues zone.
2:11 of 3rd period - Danny DeKeiser is hit by Devin Setoguchi and loses puck.
2:20 of 3rd period - Matt Martin is hit by Marcus Johansson.
2:30 of 3rd period - Minor Penalty to Keith Aulie for Interference.
2:31 of 3rd period - Adam Henrique wins face-off versus Anze Kopitar in Penguins zone.
2:32 of 3rd period - Snap shot by Filip Forsberg.
2:32 of 3rd period - Stopped by Andrei Vasilevskiy without a rebound.
2:33 of 3rd period - Filip Forsberg wins face-off versus Anze Kopitar in Penguins zone.
4:06 of 3rd period - Marcus Foligno is hit by David Perron and loses puck.
4:30 of 3rd period - Penalty to Keith Aulie is over, Keith Aulie is back on ice.
4:33 of 3rd period - Danny DeKeiser is hit by Nikolaj Ehlers and loses puck.
5:17 of 3rd period - Off-side.
5:18 of 3rd period - Sebastian Aho wins face-off versus Devin Shore in neutral zone.
5:47 of 3rd period - Slapshot by Marcus Johansson.
5:47 of 3rd period - Goal by Marcus Johansson - Blues : 1 - Penguins : 3.
5:48 of 3rd period - Anze Kopitar wins face-off versus Adam Henrique in neutral zone.
5:51 of 3rd period - Alex Pietrangelo is hit by Marcus Foligno.
6:28 of 3rd period - Snap shot by Nathan MacKinnon.
6:28 of 3rd period - Shot Misses the Net.
7:24 of 3rd period - Snap shot by Cal Clutterbuck.
7:24 of 3rd period - Stopped by Carey Price with a rebound.
7:26 of 3rd period - Snap shot by Pavel Zacha.
7:26 of 3rd period - Stopped by Carey Price with a rebound.
7:28 of 3rd period - Slapshot by Keith Aulie.
7:28 of 3rd period - Shot Blocked by Cody Ceci.
7:46 of 3rd period - Wrist shot by Nathan MacKinnon.
7:46 of 3rd period - Stopped by Andrei Vasilevskiy without a rebound.
7:47 of 3rd period - Nathan MacKinnon wins face-off versus Marcus Foligno in Penguins zone.
7:48 of 3rd period - Slapshot by David Perron.
7:48 of 3rd period - Shot Misses the Net.
7:50 of 3rd period - Slapshot by Jacob Slavin.
7:50 of 3rd period - Shot Blocked by Nick Leddy.
7:52 of 3rd period - Snap shot by Nathan MacKinnon.
7:52 of 3rd period - Blues goal is going for a video replay.
7:52 of 3rd period - The goal is refused. The referee deems the play has been stopped, even if he had not physically had the opportunity to stop play by blowing his whistle..
7:53 of 3rd period - Nathan MacKinnon wins face-off versus Anze Kopitar in Penguins zone.
8:02 of 3rd period - Snap shot by Nathan MacKinnon.
8:02 of 3rd period - Shot Misses the Net.
8:04 of 3rd period - Slapshot by Jacob Slavin.
8:04 of 3rd period - Deflect By Marcus Foligno.
8:04 of 3rd period - Stopped by Andrei Vasilevskiy with a rebound.
8:06 of 3rd period - Wrist shot by Alex Pietrangelo.
8:06 of 3rd period - Shot Blocked by Marcus Johansson.
8:08 of 3rd period - Slapshot by Alex Pietrangelo.
8:08 of 3rd period - Stopped by Andrei Vasilevskiy with a rebound.
8:42 of 3rd period - Snap shot by Danton Heinen.
8:42 of 3rd period - Shot Misses the Net.
8:44 of 3rd period - Slapshot by Martin Marincin.
8:44 of 3rd period - Shot Misses the Net.
8:46 of 3rd period - Snap shot by Samuel Morin.
8:46 of 3rd period - Shot Misses the Net.
8:48 of 3rd period - Slapshot by Brandon Montour.
8:48 of 3rd period - Shot Misses the Net.
8:50 of 3rd period - Snap shot by Samuel Morin.
8:50 of 3rd period - Shot Misses the Net.
8:52 of 3rd period - Wrist shot by Samuel Morin.
8:52 of 3rd period - Shot Misses the Net.
8:54 of 3rd period - Slapshot by Martin Marincin.
8:54 of 3rd period - Deflect By Danton Heinen.
8:54 of 3rd period - Stopped by Andrei Vasilevskiy with a rebound.
9:58 of 3rd period - Wrist shot by Devin Setoguchi.
9:58 of 3rd period - Shot Blocked by Keith Aulie.
10:00 of 3rd period - Slapshot by Cody Ceci.
10:00 of 3rd period - Stopped by Andrei Vasilevskiy with a rebound.
10:24 of 3rd period - Minor Penalty to Drew Shore for Hooking.
10:25 of 3rd period - Adam Henrique wins face-off versus Anze Kopitar in Blues zone.
10:54 of 3rd period - Wrist shot by Justin Schultz.
10:54 of 3rd period - Stopped by Carey Price with a rebound.
10:56 of 3rd period - Snap shot by Justin Schultz.
10:56 of 3rd period - Deflect By Marcus Foligno.
10:56 of 3rd period - Shot Blocked by Martin Marincin.
10:56 of 3rd period - Puck is out of play.
10:57 of 3rd period - Adam Henrique wins face-off versus Anze Kopitar in Blues zone.
11:24 of 3rd period - Timo Meier is hit by David Perron and loses puck.
12:13 of 3rd period - Timo Meier is hit by Devin Shore and loses puck.
12:24 of 3rd period - Penalty to Drew Shore is over, Drew Shore is back on ice.
12:44 of 3rd period - Minor Penalty to Keith Aulie for Holding.
12:45 of 3rd period - Anze Kopitar wins face-off versus Adam Henrique in Penguins zone.
13:32 of 3rd period - Filip Forsberg is hit by Marcus Foligno and loses puck.
14:27 of 3rd period - Filip Forsberg is hit by Marcus Foligno and loses puck.
14:44 of 3rd period - Penalty to Keith Aulie is over, Keith Aulie is back on ice.
14:50 of 3rd period - Devin Shore is hit by Brandon Tanev and loses puck.
15:16 of 3rd period - Slapshot by Max Reinhart.
15:16 of 3rd period - Shot Blocked by Cody Ceci.
15:18 of 3rd period - Slapshot by Oscar Klefbom.
15:18 of 3rd period - Deflect By Danton Heinen.
15:18 of 3rd period - Stopped by Carey Price with a rebound.
15:20 of 3rd period - Slapshot by Justin Schultz.
15:20 of 3rd period - Deflect By Timo Meier.
15:20 of 3rd period - Stopped by Carey Price without a rebound.
15:21 of 3rd period - Anze Kopitar wins face-off versus Devin Setoguchi in Blues zone.
15:36 of 3rd period - Slapshot by Marcus Foligno.
15:36 of 3rd period - Goal by Marcus Foligno - Blues : 1 - Penguins : 4.
15:37 of 3rd period - Anze Kopitar wins face-off versus Adam Henrique in neutral zone.
15:54 of 3rd period - Slapshot by Jacob Slavin.
15:54 of 3rd period - Shot Misses the Net.
16:36 of 3rd period - Wrist shot by Jacob Slavin.
16:36 of 3rd period - Shot Blocked by Oscar Klefbom.
17:05 of 3rd period - Marcus Foligno is hit by Danton Heinen and loses puck.
17:44 of 3rd period - Wrist shot by Nathan MacKinnon.
17:44 of 3rd period - Shot Misses the Net.
17:57 of 3rd period - Off-side.
17:58 of 3rd period - Max Reinhart wins face-off versus Devin Shore in neutral zone.
18:22 of 3rd period - Brandon Montour is hit by Max Reinhart and loses puck.
18:33 of 3rd period - Slapshot by Timo Meier.
18:33 of 3rd period - Stopped by Carey Price without a rebound.
18:34 of 3rd period - Anze Kopitar wins face-off versus Filip Forsberg in Blues zone.
18:39 of 3rd period - Wrist shot by Marcus Foligno.
18:39 of 3rd period - Shot Blocked by Cody Ceci.
19:01 of 3rd period - Nick Leddy is hit by Danton Heinen and loses puck.
19:06 of 3rd period - Slapshot by Alex Pietrangelo.
19:06 of 3rd period - Stopped by Andrei Vasilevskiy with a rebound.
19:08 of 3rd period - Wrist shot by Samuel Morin.
19:08 of 3rd period - Shot Blocked by Marcus Johansson.
19:10 of 3rd period - Slapshot by Samuel Morin.
19:10 of 3rd period - Deflect By Drew Shore.
19:10 of 3rd period - Shot Misses the Net.
19:10 of 3rd period - Puck is out of play.
19:11 of 3rd period - Adam Henrique wins face-off versus Derek Stepan in Penguins zone.
19:23 of 3rd period - Wrist shot by Brendan Gallagher.
19:23 of 3rd period - Shot Blocked by Jacob Slavin.
19:25 of 3rd period - Snap shot by Keith Aulie.
19:25 of 3rd period - Shot Misses the Net.
19:41 of 3rd period - Snap shot by JT Compher.
19:41 of 3rd period - Stopped by Carey Price with a rebound.
19:49 of 3rd period - Wrist shot by Nathan MacKinnon.
19:49 of 3rd period - Shot Misses the Net.
Goals for this period are 0 for Blues vs 2 for Penguins.
Shots for this period are 13 for Blues vs 11 for Penguins.